Map: Acropolis LE

Players

Bleak

  • Race: Terran Terran
  • Spawn Location: 11:00

HolyHit - Winner!

  • Race: Protoss Protoss
  • Spawn Location: 5:00

Event: 2019 WCS Summer

VOD

Have the link to the VOD?

Description

Time

  • Played on: July 12, 2019, 7:09 a.m.
  • Length: 11:14

All games in this series

Show
View Real Time Build Order
Export as new Build Order

Bleak Terran 

Build Orders: Gas First Reaper Expand, Liberator Opening 

Get SALT Encoding   

  12  0:00  SCV  
  13  0:12  SCV  
  14  0:17  Supply Depot  
  14  0:25  SCV  
  14  0:28  Refinery  
  15  0:38  SCV  
  16  0:44  Barracks  
  16  0:50  SCV  
  17  1:03  SCV  
  18  1:15  SCV  
  19  1:32  Orbital Command, Reaper  
  20  1:57  Command Center  
  20  1:58  SCV  
  21  2:06  Barracks Reactor  
  21  2:08  Factory  
  21  2:12  SCV  
  21  2:15  Supply Depot  
  22  2:25  Refinery, SCV  
  23  2:37  SCV  
  24  2:46  Marine x2  
  24  2:49  SCV  
  27  2:52  Widow Mine  
  27  2:53  Starport  
  29  3:01  SCV, Supply Depot  
  28  3:13  Marine x2, SCV  
  28  3:17  Factory Tech Lab  
  31  3:20  Liberator  
  31  3:25  SCV  
  32  3:31  Marine x2  
  32  3:32  Orbital Command  
  37  3:42  SCV  
  37  3:47  Siege Tank  
  40  3:53  Marine  
  40  3:54  Marine  
  42  3:57  SCV  
  42  3:58  SCV  
  42  4:02  Supply Depot  
  44  4:09  SCV  
  45  4:10  SCV  
  45  4:11  Marine x2  
  48  4:20  Viking  
  48  4:22  SCV x2  
  52  4:27  Siege Tank  
  52  4:29  Marine x2  
  57  4:33  Supply Depot  
  57  4:34  SCV x2  
  59  4:40  Bunker  
  59  4:42  Engineering Bay  
  59  4:46  SCV x2  
  59  4:49  Marine  
  62  4:58  SCV x2  
  62  5:10  SCV x2  
  56  5:14  Marine x2  
  56  5:21  Command Center, Terran Infantry Weapons Level 1  
  54  5:22  SCV x2  
  55  5:32  Marine  
  55  5:33  Marine  
  55  5:34  SCV x2  
  55  5:35  Factory Tech Lab  
  55  5:40  Barracks, Raven  
  55  5:42  Barracks  
  57  5:46  SCV x2  
  57  5:48  Refinery  
  57  5:49  Refinery  
  59  5:54  Marine x2  
  59  5:55  Siege Tank  
  64  5:58  SCV x2  
  65  6:12  Marine x2, SCV x2  
  68  6:18  Supply Depot  
  68  6:19  Supply Depot  
  68  6:24  SCV  
  69  6:26  SCV  
  69  6:30  Marine x2  
  72  6:34  Starport Reactor  
  72  6:36  SCV  
  70  6:42  Orbital Command  
  70  6:43  SCV  
  71  6:47  Marine  
  71  6:48  Marine, SCV  
  71  6:49  Combat Shield  
  71  6:50  Factory Reactor, Stimpack  
  74  6:56  Marauder x2, SCV  
  74  7:00  SCV  
  80  7:05  Marine x2  
  80  7:08  SCV  
  83  7:12  Medivac  
  83  7:13  SCV, Medivac  
  88  7:15  Orbital Command  
  88  7:16  Terran Infantry Armor Level 1  
  88  7:18  Marauder x2  
  88  7:20  SCV  
  91  7:23  Marine x2  
  91  7:25  SCV  
  90  7:31  Widow Mine x2  
  94  7:38  Marine  
  94  7:39  Barracks, Marauder, Missile Turret  
  94  7:40  Barracks, Missile Turret x2  
  94  7:41  Marine x2  
  94  7:42  SCV x3  
  102  7:46  Supply Depot  
  102  7:47  Supply Depot  
  102  7:49  Medivac x2  
  106  7:52  Widow Mine  
  106  7:55  SCV  
  106  7:57  Refinery  
  109  8:00  Supply Depot  
  109  8:02  Liberator x2  
  109  8:05  SCV x2  
  109  8:07  SCV  
  96  8:14  Marine  
  96  8:15  Marauder, Marine x2  
  96  8:19  SCV x3  
  100  8:31  Bunker, SCV x3  
  100  8:32  Marine  
  104  8:36  Barracks Tech Lab, Barracks Reactor  
  104  8:38  Widow Mine x2  
  108  8:43  SCV x2, Fusion Core  
  108  8:44  SCV, Starport  
  108  8:47  Missile Turret  
  111  8:52  Sensor Tower  
  111  8:54  Marine x2  
  111  8:55  Marine, Marauder, SCV  
  115  8:56  Concussive Shells, SCV x2  
  115  9:02  Marauder  
  121  9:07  SCV  
  121  9:08  SCV x2  
  120  9:12  Marine x2  
  120  9:14  Marauder  
  120  9:16  Marine  
  124  9:19  Liberator  
  124  9:20  SCV x3  
  124  9:23  Marine  
  127  9:24  Marine x2  
  127  9:25  Widow Mine x2  
  127  9:28  Refinery  
  133  9:32  Starport Tech Lab  
  133  9:36  Marine  
  133  9:37  Marauder, SCV, Supply Depot  
  133  9:38  Supply Depot  
  140  9:44  Marine, Missile Turret  
  141  9:47  Liberator  
  141  9:58  Marauder, Marine x2, Widow Mine x2  
  141  9:59  Marine  
  151  10:00  Marauder x2  
  151  10:01  Marine  
  155  10:16  Marine x2  
  157  10:23  Marine x2  
  157  10:25  Marauder x2  
  157  10:26  Marauder  
  153  10:33  Marine x2  
  143  10:42  Marine x2  
  134  10:43  Command Center  
  134  10:46  Marauder  
  134  10:47  Marine, Marauder  
  125  10:54  Marine  
  125  10:55  Marine  
Show
View Real Time Build Order
Export as new Build Order

HolyHit Protoss - Winner!

Build Orders: 1 Gate Expand, Archon Immortal, Blink Stalkers 

Get SALT Encoding   

  12  0:01  Probe  
  13  0:13  Probe  
  14  0:17  Pylon  
  14  0:24  Probe  
  15  0:32  Probe  
  15  0:37  Gateway  
  15  0:40  Probe  
  16  0:46  Assimilator  
  17  0:51  Probe  
  18  1:03  Probe  
  19  1:15  Probe  
  20  1:25  Cybernetics Core  
  20  1:35  Nexus  
  20  1:37  Probe  
  21  1:43  Pylon  
  21  1:49  Probe  
  21  1:52  Assimilator, Adept  
  22  2:07  Probe  
  24  2:10  Warp Gate  
  24  2:16  Sentry  
  24  2:19  Probe  
  27  2:31  Probe  
  28  2:40  Stalker  
  28  2:43  Probe x2  
  32  2:51  Probe  
  32  2:55  Probe, Twilight Council  
  34  3:01  Probe  
  35  3:08  Probe  
  34  3:13  Probe  
  34  3:19  Blink  
  35  3:20  Probe  
  35  3:21  Stalker, Gateway  
  35  3:25  Probe  
  39  3:29  Robotics Facility  
  39  3:32  Probe  
  40  3:37  Probe  
  41  3:44  Probe  
  42  3:49  Probe  
  42  3:54  Pylon  
  43  3:56  Probe  
  43  4:02  Probe  
  45  4:05  Nexus  
  45  4:08  Pylon  
  45  4:13  Stalker  
  45  4:15  Probe  
  49  4:17  Observer  
  49  4:18  Probe  
  49  4:22  Stalker  
  52  4:27  Probe  
  52  4:29  Assimilator  
  53  4:34  Assimilator  
  53  4:37  Stalker  
  54  4:45  Pylon  
  54  4:46  Stalker  
  54  4:48  Probe  
  54  4:49  Probe  
  56  5:00  Stalker  
  56  5:10  Stalker  
  56  5:11  Probe  
  56  5:13  Probe  
  51  5:20  Warp Prism  
  52  5:23  Probe  
  52  5:25  Probe  
  52  5:26  Stalker  
  52  5:28  Probe  
  57  5:31  Probe  
  57  5:33  Probe  
  57  5:39  Gateway  
  57  5:40  Gateway  
  57  5:42  Probe x2, Gateway  
  58  5:43  Charge  
  58  5:46  Probe  
  61  5:53  Probe, Pylon  
  61  5:56  Probe  
  61  6:07  Probe  
  60  6:11  Probe  
  60  6:12  Immortal  
  60  6:14  Forge  
  60  6:16  Forge  
  61  6:19  Probe  
  61  6:20  Probe  
  61  6:23  Probe  
  68  6:29  Gateway  
  68  6:31  Probe  
  68  6:32  Probe  
  70  6:39  Immortal  
  70  6:41  Probe  
  70  6:43  Protoss Ground Armor Level 1  
  70  6:44  Probe, Protoss Ground Weapons Level 1  
  70  6:45  Probe  
  73  6:53  Probe  
  78  6:56  Probe  
  79  7:03  Probe  
  79  7:05  Nexus  
  79  7:08  Sentry x2, Pylon  
  82  7:15  Pylon  
  84  7:21  Immortal  
  84  7:23  Probe  
  84  7:25  Zealot x2  
  84  7:28  Probe  
  94  7:37  Pylon  
  94  7:39  Zealot x3, Pylon  
  100  7:47  Probe x2  
  100  7:48  Templar Archives  
  102  7:52  Zealot x3  
  108  7:59  Pylon  
  106  8:07  Zealot x3  
  102  8:14  Zealot x3  
  100  8:22  Immortal  
  100  8:23  Robotics Bay  
  104  8:29  Probe  
  104  8:31  High Templar x3  
  111  8:37  High Templar, Gateway  
  111  8:38  Archon  
  111  8:39  Gateway  
  111  8:40  Gateway  
  113  8:44  Probe, Archon  
  113  8:45  Probe, Assimilator  
  115  8:51  Zealot x2  
  115  8:53  Protoss Ground Weapons Level 2  
  119  8:58  Probe  
  119  8:59  Gateway x2  
  119  9:01  Pylon  
  118  9:15  Zealot x5  
  130  9:19  Colossus  
  130  9:24  Stalker  
  132  9:33  Extended Thermal Lance  
  132  9:42  Zealot x7  
  146  10:03  Zealot x4  
  146  10:04  Zealot  
  156  10:08  Pylon  
  156  10:10  Pylon  
  156  10:13  Pylon  
  154  10:25  Zealot  
  154  10:26  Zealot x8  
  162  10:38  Stalker x2  
  146  10:47  Zealot x5  
  146  10:48  Zealot  
  130  10:56  Stalker x3  
  115  11:07  Zealot x4  
Tags
 
Add a new tag
Caveats
  • Supply blocks, unpowered buildings, or Contaminate may cause inaccurate times.
  • Supply counts are checked every 10 seconds.